 Dungeon Sprint DCSS version 0.29-a0-824-gd827844252 (webtiles) character file.

Game seed: 18274617680344421285

2315 mhtbhm the Fighter (level 9, -10/139 HPs)
             Began as a Pale Draconian Berserker on July 10, 2022.
             Was an Elder of Trog.
             Shot with an arrow by a centaur warrior (27 damage)
             ... in the Dungeon (Sprint I: "Red Sonja").
             The game lasted 00:02:09 (1371 turns).

mhtbhm the Fighter (Pale Draconian Berserker)       Turns: 1371, Time: 00:02:10

Health: -10/139    AC:  7    Str: 23    XL:     9   Next: 18%
Magic:  9/9        EV: 16    Int:  8    God:    Trog [****..]
Gold:   701        SH:  0    Dex: 11    Spells: 8/8 levels left

rFire   . . .      SeeInvis .   a - +0 mace
rCold   . . .      Faith    +   (no shield)
rNeg    . . .      Spirit   .   (body armour unavailable)
rPois   .          Reflect  .   (helmet restricted)
rElec   .          Harm     .   (no cloak)
rCorr   .          Rampage  .   (no gloves)
Will    .....      NoTele   +   (no boots)
Stlth   ..........              h - amulet of faith
HPRegen 0.33/turn               (no ring)
MPRegen 0.11/turn               (no ring)

@: berserking (expiring), lethally poisoned (-10 -> -14), slowed
A: breathe steam, AC +7, unfitting armour, cold-blooded, steam resistance
a: Breathe Steam, Renounce Religion, Berserk, Trog's Hand, Brothers in Arms


You were in the Dungeon.
You worshipped Trog.
Trog was greatly pleased with you.
You visited 1 branch You collected 869 gold pieces.
You spent 168 gold pieces at shops.

Inventory:

Hand Weapons
 a - a +0 mace (weapon)
Missiles
 c - 2 curare-tipped darts (quivered)
Armour
 j - a scarf of shadows
Jewellery
 h - an amulet of faith (around neck)
Wands
 k - a wand of iceblast (4)
Scrolls
 g - 2 scrolls of blinking
Potions
 b - a potion of lignification {unknown}
 d - 2 potions of curing
 e - 2 potions of magic
 f - a potion of berserk rage
 i - a potion of heal wounds


   Skills:
 + Level 13.6 Fighting
 + Level 12.6 Maces & Flails
 + Level 10.6 Dodging
 + Level 4.6 Stealth


You had 8 spell levels left.
You didn't know any spells.
Your spell library was empty.

Dungeon Overview and Level Annotations

Branches:
Dungeon (1/1)

Altars:
Cheibriados
Dithmenos
Elyvilon
Fedhas
Gozag
Hepliaklqana
Kikubaaqudgha
Makhleb
Nemelex Xobeh
Okawaru
Qazlal
Ru
Sif Muna
Trog
Uskayaw
Vehumet
Wu Jian
Xom
Yredelemnul
Zin
The Shining One
Jiyva
Lugonu

Shops:
D (([


Innate Abilities, Weirdness & Mutations

You can breathe blasts of scalding, opaque steam.
Your pale cyan-grey scales are hard. (AC +7)
You cannot fit into any form of body armour.
You are cold-blooded and may be slowed by cold attacks.
You are immune to the effects of steam.


Message History

You have got your breath back.
The centaur warrior hits you!
The centaur warrior kicks you but does no damage.
The hornet stings you!
You feel as though you will be slow longer.
Your unstable footing causes you to fumble your attack.
The centaur warrior hits you.
The centaur warrior kicks you but does no damage.
The hornet stings you!
You feel as though you will be slow longer.
Unknown command.
Your unstable footing causes you to fumble your attack.
The hornet barely misses you.
The centaur warrior wields a +0 longbow.
The centaur warrior shoots an arrow.
The arrow misses you. The centaur warrior misses you.
The centaur warrior kicks you but does no damage.
Unknown command.
Your unstable footing causes you to fumble your attack.
The hornet stings you!
You suddenly lose the ability to move!
The centaur warrior shoots an arrow.
The arrow hits you!! The centaur warrior hits you!
The centaur warrior kicks you but does no damage.
The hornet stings you but does no damage.
The centaur warrior shoots an arrow.
The arrow hits you! The centaur warrior hits you.
The centaur warrior kicks you but does no damage.
The hornet stings you!
* * * LOW HITPOINT WARNING * * *
You are poisoned.
You feel as though you will be slow longer.
The centaur warrior shoots an arrow.
The arrow hits you!
* * * LOW HITPOINT WARNING * * *
You can move again.
Unknown command.
Unknown command.
You feel very sick.
The centaur warrior wields a +0 longbow.
The centaur warrior shoots an arrow.
The arrow hits you!!
You die...

#########################
<.#..)..#..'..#__#..)...#
..'..#..').#..'..'..#)..#
..#####'#####'#__####...+
).####..#...#.####§/#####
..#__####..##.#§≈§§.#$$#
..#_____##'#_.+§§cy.'..#
⌠⌠#_.∩...'..._#§§§§c#
###_..__##_.#'##@####
#_____###'#(#....###
###########.####'###.##
∩........'...'.[...'|∩#
##++++####..)##########
###.### #.#'#.# #.....#
#.....#


You could see a centaur warrior and a hornet.

Vanquished Creatures
  Sonja (D)
  A deep troll (D)
  2 kobold demonologists (D)
  A slime creature (D)
  Sigmund (D)
  A yak (D)
  A floating eye (D)
  An ogre (D)
  A jelly (D)
  Ijyb (D)
11 creatures vanquished.

Vanquished Creatures (others)
  2 ballistomycete spores (D)
2 creatures vanquished.

Grand Total: 13 creatures vanquished

Notes
Turn   | Place    | Note
-------+----------+-------------------------------------------
     0 | D        | mhtbhm the Draconian Berserker began the quest for the Orb.
     0 | D        | Reached XP level 1. HP: 19/19 MP: 1/1
     1 | D        | Noticed Ijyb
    43 | D        | Killed Ijyb
    44 | D        | Reached skill level 4 in Fighting
    44 | D        | Reached XP level 2. HP: 5/28 MP: 2/2
   301 | D        | Noticed an ogre
   305 | D        | Killed an ogre
   306 | D        | Reached skill level 6 in Fighting
   306 | D        | Reached skill level 5 in Dodging
   306 | D        | Reached XP level 3. HP: 38/38 MP: 3/3
   306 | D        | Reached XP level 4. HP: 45/45 MP: 4/4
   367 | D        | Noticed Sigmund
   374 | D        | Killed Sigmund
   374 | D        | Reached ** piety under Trog
   375 | D        | Reached skill level 8 in Fighting
   375 | D        | Reached XP level 5. HP: 56/56 MP: 5/5
   375 | D        | Reached XP level 6. HP: 62/62 MP: 6/6
   420 | D        | Found an ornate altar of the Wu Jian Council.
   420 | D        | Found a shimmering blue altar of Sif Muna.
   422 | D        | Found a radiant altar of Vehumet.
   428 | D        | Reached skill level 9 in Fighting
   430 | D        | Found Beucs's Weapon Emporium.
   430 | D        | Found an ancient bone altar of Kikubaaqudgha.
   430 | D        | Found a hazy altar of Hepliaklqana.
   430 | D        | Found a stormy altar of Qazlal.
   430 | D        | Found a hide-covered altar of Uskayaw.
   430 | D        | Found a blossoming altar of Fedhas.
   430 | D        | Found a bloodstained altar of Trog.
   430 | D        | Found an iron altar of Okawaru.
   430 | D        | Found a basalt altar of Yredelemnul.
   430 | D        | Found a glowing golden altar of the Shining One.
   430 | D        | Found a snail-covered altar of Cheibriados.
   430 | D        | Found a sacrificial altar of Ru.
   430 | D        | Found a glowing silver altar of Zin.
   430 | D        | Found a shadowy altar of Dithmenos.
   430 | D        | Found a white marble altar of Elyvilon.
   430 | D        | Noticed a yak
   431 | D        | Found an opulent altar of Gozag.
   441 | D        | Killed a yak
   442 | D        | Reached skill level 1 in Stealth
   442 | D        | Found a sparkling altar of Nemelex Xobeh.
   667 | D        | Found a burning altar of Makhleb.
   667 | D        | Found a viscous altar of Jiyva.
   667 | D        | Found a shimmering altar of Xom.
   667 | D        | Found a corrupted altar of Lugonu.
   667 | D        | Noticed a slime creature
   677 | D        | Killed a slime creature
   678 | D        | Reached skill level 10 in Fighting
   678 | D        | Your scales start taking on a pale cyan-grey colour.
   678 | D        | Reached XP level 7. HP: 73/73 MP: 7/7
   678 | D        | Gained mutation: You are immune to the effects of steam.
                  | [Pale Draconian growth]
   723 | D        | Noticed a kobold demonologist
   723 | D        | Noticed a kobold demonologist
   724 | D        | Reached *** piety under Trog
   727 | D        | Killed a kobold demonologist
   728 | D        | Reached skill level 11 in Fighting
   728 | D        | Reached skill level 10 in Maces & Flails
   728 | D        | Noticed an ice devil
   735 | D        | Killed a kobold demonologist
   735 | D        | Reached **** piety under Trog
   736 | D        | Reached skill level 12 in Fighting
   736 | D        | Reached XP level 8. HP: 83/83 MP: 8/8
   861 | D        | Noticed Sonja
   864 | D        | Killed Sonja
   865 | D        | Reached skill level 10 in Dodging
   911 | D        | Found Vapuskefu's Weapon Boutique.
  1021 | D        | Noticed a deep troll
  1037 | D        | Killed a deep troll
  1038 | D        | Reached skill level 13 in Fighting
  1038 | D        | Reached XP level 9. HP: 16/93 MP: 9/9
  1132 | D        | Found Tiyw's Armour Emporium.
  1291 | D        | Bought a scarf of shadows for 168 gold pieces
  1358 | D        | Noticed a centaur warrior
  1361 | D        | Noticed a centaur warrior
  1369 | D        | Paralysed by a hornet for 1 turns
  1371 | D        | Shot with an arrow by a centaur warrior

Illustrated notes

Levels and vault maps discovered:
D:        dungeon_sprint_1 [red_sonja_temple_1, red_sonja_temple_small_1]

Skill      XL: |  1  2  3  4  5  6  7  8 |
---------------+-------------------------+-----
Fighting       | 4 6 8 10 12 13 | 13.6
Maces & Flails | 4 6 7 9 11 12 | 12.6
Dodging        | 4 5 7 8 9 10 | 10.6
Stealth        | 2 3 4 |  4.6

Action                   |  1- 3 |  4- 6 |  7- 9 || total
-------------------------+-------+-------+-------++-------
Melee: Mace              |    23 |    24 |    26 ||    73
       Tailslap          |     3 |     5 |     6 ||    14
       Punch             |       |     1 |       ||     1
Invok: Berserk           |     2 |     2 |     4 ||     8
 Abil: Breathe Steam     |       |       |     4 ||     4
  Use: Potion            |     3 |       |       ||     3
 Stab: Sleeping          |       |     2 |       ||     2
Armor: Skin              |     5 |     2 |    11 ||    18
Dodge: Dodged            |    14 |     9 |    19 ||    42

Table legend: (Time is in decaauts)
 A = Elapsed time spent in this place.
 B = Non-inter-level travel time spent in this place.
 C = Inter-level travel time spent in this place.
 D = Time resting spent in this place.
 E = Time spent auto-exploring this place.
 F = Levels seen in this place.
 G = Mean time per level.
                   A        B        C        D        E       F      G
               +--------+--------+--------+--------+--------+-----+--------+
         Total |   1430 |   1430 |      0 |   1053 |      1 |   1 | 1430.0 |
       Dungeon |   1430 |   1430 |      0 |   1053 |      1 |   1 | 1430.0 |
               +--------+--------+--------+--------+--------+-----+--------+

Top non-repeatable levels by time:
       D: 1430 daAuts
